 Dungeon Crawl Stone Soup version 0.31-a0-831-g143b1e81fc (webtiles) character file.

Game seed: 2956197474706429295

861 Armakuni the Mimic (level 8, -1/48 HPs)
             Began as an Octopode Shapeshifter on Sept 24, 2023.
             Slain by an iguana (11 damage)
             ... on level 6 of the Dungeon.
             The game lasted 00:08:42 (4592 turns).

Armakuni the Mimic (Octopode Shapeshifter)          Turns: 4592, Time: 00:08:43

Health: -1/48      AC:  1    Str: 13    XL:     8   Next: 2%
Magic:  17/17      EV: 13    Int: 15    God:
Gold:   204        SH:  0    Dex: 11    Spells: 6/7 levels left

rFire   . . .        b - +1 dagger (venom)
rCold   . . .        (no shield)
rNeg    . . .        (helmet restricted)
rPois   .            (no amulet)
rElec   .            P - ring of magical power
rCorr   .            (no ring)
SInv    .            (no ring)
Will    .....        (no ring)
Stlth   ++           (no ring)
HPRegen 0.28/turn    (no ring)
MPRegen 0.15/turn    (no ring)
                     (no ring)

%: no passive effects
@: about to teleport, studying Transmutations
A: almost no armour, amphibious, 8 rings, camouflage 1, gelatinous body 1,
(nimble swimmer 1), tentacles
a: no special abilities


You were on level 6 of the Dungeon.
You visited 1 branch of the dungeon, and saw 6 of its levels.

You collected 204 gold pieces.

Inventory:

Hand Weapons
 b - a +1 dagger of venom (weapon)
Magical Staves
 c - a staff of air
Jewellery
 P - a ring of magical power (left tentacle)
Talismans
 e - a beast talisman
 m - a granite talisman
Scrolls
 g - a scroll of brand weapon {unknown}
 i - 2 scrolls of teleportation
Potions
 a - a potion of brilliance
 d - a potion of magic
 X - a potion of mutation


   Skills:
 - Level 1.0 Fighting
 - Level 2.0 Dodging
 - Level 4.5 Unarmed Combat
 + Level 8.0 Shapeshifting


You had 6 spell levels left.
You knew the following spells:

 Your Spells              Type           Power      Damage    Failure   Level
z - Apportation           Tloc           0%         N/A       26%         1

Your spell library contained the following spells:

 Spells                   Type           Power      Damage    Failure   Level
 Jinxbite                 Hex            0%         N/A       38%         2
 Alistair's Intoxication  Tmut/Pois      0%         N/A       100%        5


Dungeon Overview and Level Annotations

Branches:
Dungeon (6/15)
 Temple: D:4-7

Altars:
Trog
Uskayaw
Wu Jian

Annotations:
D:5 1 exclusion, Dowan, Duvessa


Innate Abilities, Weirdness & Mutations

You cannot wear most types of armour.
You are amphibious.
You can wear up to eight rings at the same time.
Your skin changes colour to match your surroundings (Stealth+).
Your rubbery body absorbs attacks. (AC +1, EV +1)
((You are camouflaged when in or above water. (Stealth+)))
You have tentacles for arms and can constrict up to eight enemies at once.


Message History

A black bear comes into view.
Things that are here:
a +0 flail; an orc corpse An iguana comes into view.
Found 8 stones.
The iguana hisses angrily.
You catch the helpless black bear completely off-guard!
You hit the black bear.
The black bear is poisoned.
You grab the black bear.
The black bear is lightly wounded.
You constrict the black bear. The black bear barely misses you.
The black bear claws you.
The black bear claws you but does no damage.
You hit the black bear.
The black bear looks as sick as possible!
The black bear is moderately wounded.
You constrict the black bear. The black bear bites you!
The black bear claws you. The black bear barely misses you.
You hit the black bear but do no damage.
The black bear looks as sick as possible!
You tentacle-slap the black bear, but do no damage.
The black bear is heavily wounded.
You constrict the black bear. The black bear bites you.
The black bear claws you. The black bear misses you.
You are too injured to fight recklessly!
You hit the black bear.
You kill the black bear!
Your Shapeshifting skill increases to level 8!
You have reached level 8!
Things that are here:
a +0 flail; an orc corpse The iguana attacks as it pursues you!
The iguana barely misses you.
Okay, then.
It was a potion of cancellation.
You feel magically purged. The iguana bites you!
* * * LOW HITPOINT WARNING * * *
You feel better. The iguana bites you!
* * * LOW HITPOINT WARNING * * *
As you read the scroll of teleportation, it crumbles to dust.
You feel strangely unstable. The iguana bites you!
You die...

#.....##..# ....+..
#####.###.##....#.# #.#
#.##....#.#
##+###..#....#.#
#............#.#
#[...........#.#
#............#.#+#######
#.......l#+##..........#
#........@.#...........#
#.........#..#.........#
#...........##.#'######
#........#.>...#.#
################.# #.#
#.# #.# #.#


You could see an iguana.

Vanquished Creatures
  An ice beast (D:4)
  2 black bears
  A sky beast (D:5)
  2 phantoms (D:5)
  2 bullfrogs
  A sleepcap (D:4)
  An iguana (D:3)
  3 orc wizards (D:4)
  3 adders
  4 worms
  A dart slug (D:2)
  9 orcs
  8 ball pythons
  5 bats
  6 endoplasms
  4 giant cockroaches
  9 goblins
  4 hobgoblins
  A jackal (D:4)
  4 quokkas
  4 frilled lizards
  3 kobolds
  7 rats
85 creatures vanquished.

Notes
Turn   | Place    | Note
-------+----------+-------------------------------------------
     0 | D:1      | Armakuni the Octopode Shapeshifter began the quest for the
                  | Orb.
     0 | D:1      | Reached XP level 1. HP: 13/13 MP: 1/1
   260 | D:1      | Reached XP level 2. HP: 18/18 MP: 2/2
   735 | D:1      | Reached XP level 3. HP: 23/23 MP: 3/3
   901 | D:2      | Found a bloodstained altar of Trog.
  1792 | D:3      | Reached XP level 4. HP: 19/28 MP: 4/4
  2368 | D:4      | Noticed an ice beast
  2371 | D:4      | Noticed a bullfrog
  2392 | D:4      | Killed an ice beast
  2393 | D:4      | Reached skill level 4 in Shapeshifting
  2393 | D:4      | Reached XP level 5. HP: 33/33 MP: 5/5
  2395 | D:4      | Reached skill level 5 in Shapeshifting
  2395 | D:4      | Reached XP level 6. HP: 38/38 MP: 6/6
  2526 | D:4      | Noticed a black bear
  2542 | D:4      | Killed a black bear
  2657 | D:4      | Reached skill level 6 in Shapeshifting
  2725 | D:4      | Learned a level 1 spell: Apportation
  2932 | D:4      | Reached XP level 7. HP: 36/43 MP: 7/7
  3335 | D:5      | Entered Level 5 of the Dungeon
  3336 | D:5      | Noticed Duvessa
  3336 | D:5      | Noticed Dowan
  3437 | D:5      | Reached skill level 7 in Shapeshifting
  4075 | D:5      | Found an ornate altar of the Wu Jian Council.
  4419 | D:6      | Found a hide-covered altar of Uskayaw.
  4576 | D:6      | Reached skill level 8 in Shapeshifting
  4576 | D:6      | Reached XP level 8. HP: 18/48 MP: 8/8
  4592 | D:6      | Slain by an iguana

Illustrated notes

Levels and vault maps discovered:
D:1:      beargit_arrival_diablo_church, layout_basic,
          nicolae_kite_square_tiling_tiny
D:2:      layout_basic, basic_altar, grunt_decor_resistance, dk_noncrumbling_2,
          kennysheep_generic_room_2
D:3:      layout_rooms
D:4:      layout_loops_corners, minmay_manual_monstrance
D:5:      kennysheep_kobold_camp, layout_basic, lemuel_round_altar,
          reono_crystal_passage, uniq_duvessa
D:6:      layout_basic, amcnicky_altar_gilded, elyvilon_altar_5,
          minmay_temple_entry_nine_rooms, abandoned_shop

Skill      XL: |  1  2  3  4  5  6  7 |
---------------+----------------------+-----
Unarmed Combat | 4 |  4.5
Shapeshifting  | 4 5 6 8 |  8.0
Fighting       | |  1.0
Dodging        | |  2.0

Action                     |  1- 3 |  4- 6 |  7- 9 || total
---------------------------+-------+-------+-------++-------
  Melee: Spear             |    62 |       |       ||    62
         Unarmed           |     7 |    30 |    10 ||    47
         Constrict         |    17 |    11 |     7 ||    35
         Tentacles         |     9 |     9 |    11 ||    29
         Dagger            |     6 |    57 |    42 ||   105
         Punch             |       |     1 |     1 ||     2
Ability: Begin Untransform |     1 |       |     1 ||     2
    Use: Scroll            |     4 |     2 |     5 ||    11
         Potion            |       |     4 |     4 ||     8
   Stab: Sleeping          |    11 |     6 |     2 ||    19
         Distracted        |       |       |     1 ||     1
 Armour: Skin              |    14 |    46 |    35 ||    95
  Dodge: Dodged            |    37 |    33 |    24 ||    94
   Form: Beast             |     1 |       |       ||     1
         Statue            |       |       |     1 ||     1

Table legend: (Time is in decaauts)
 A = Elapsed time spent in this place.
 B = Non-inter-level travel time spent in this place.
 C = Inter-level travel time spent in this place.
 D = Time resting spent in this place.
 E = Time spent auto-exploring this place.
 F = Levels seen in this place.
 G = Mean time per level.
                   A        B        C        D        E       F      G
               +--------+--------+--------+--------+--------+-----+--------+
         Total |   4573 |   4412 |    161 |    641 |   2864 |   6 |  762.2 |
       Dungeon |   4573 |   4412 |    161 |    641 |   2864 |   6 |  762.2 |
               +--------+--------+--------+--------+--------+-----+--------+

Top non-repeatable levels by time:
     D:4: 1232 daAuts
     D:5: 924 daAuts
     D:2: 890 daAuts
     D:1: 871 daAuts
     D:3: 432 daAuts
     D:6: 222 daAuts
